cohdb
Replays
Latest Replays
All Replays
Popular Replays
Top Player Replays
Match Explorer
How It Works
Community
CoH3 Stats
Reddit
Sign in to upload your games and track your stats! →
Sign in with Steam
Match 39119503
Unlisted
Match 39119503
Overview
Messages
Build Orders
End
Kradschützen Motorcycle Team
Panzerpioneer Squad
Selects Battlefield Espionage Battlegroup
Panzerpioneer Squad
250 Light Carrier
Construct Light Support Kompanie
Combat Half-tracks
2.5-tonne Medical Truck
Assault Grenadier Squad
Selects Intel Disruption Beacon
Panzerjäger Mechanized Group
Fire Support Elements
Selects Transfer Depots
Selects Transfer Depots
Pak 38 Anti-tank Gun Team
Flakvierling Half-track
Selects Disruption Operation
Selects 250/3 Funkpanzerwagen
Selects Anti-Tank Incendiary Munitions
Construct Panzerarmee Kommand
Panzer III L Medium Tank
Selects Disruption Operation
Emergency Repair Kits
Disruption Operation
Panzer III L Medium Tank
Rapid Advance
Vehicle Survival Package
Disruption Operation
Panzer III L Medium Tank
C.R575
hirohirofvvv
Bruistablet
孤冰月
0
0
Comments
sign in to comment!
No comments posted yet!